 Dungeon Crawl Stone Soup version 0.19-a0-1732-g0b18a7b (webtiles) character file.

127 Amnesiac the Changer (level 4, 0/24 HPs)
             Began as a Deep Elf Earth Elementalist on Sept 30, 2016.
             Slain by a howler monkey (4 damage)
             ... on level 4 of the Dungeon.
             The game lasted 00:02:15 (544 turns).

Amnesiac the Changer (Deep Elf Earth Elementalist)   Turns: 544, Time: 00:02:16

Health: 0/24       AC:  2    Str:  5    XL:     4   Next: 85%
Magic:  5/11       EV: 13    Int: 20    God:
Gold:   42         SH:  0    Dex: 16    Spells: 2 memorised, 7 levels left

rFire  . . .     SeeInvis .     (no weapon)
rCold  . . .     Gourm    .     c - +0 robe
rNeg   . . .     Faith    .     (no shield)
rPois  .         Spirit   .     (no helmet)
rElec  .         Dismiss  .     (no cloak)
rCorr  .         Reflect  .     (no gloves)
MR     .....     Harm     .     (no boots)
Stlth  ++........               (no amulet)
                                (no ring)
                                (no ring)

@: no status effects
A: no striking features
a: no special abilities


You were on level 4 of the Dungeon.
You were not hungry.

You visited 1 branch of the dungeon, and saw 4 of its levels.

You collected 42 gold pieces.

Inventory:

Hand Weapons
 m - a +1 dagger of speed
Armour
 c - a +0 robe (worn)
Jewellery
 k - an uncursed ring of ice
Scrolls
 a - a scroll of remove curse {unknown}
 j - a scroll of teleportation {unknown}
 l - a scroll of random uselessness {unknown}
Potions
 f - a potion of invisibility {unknown}
 g - a potion of cure mutation {unknown}
 i - a potion of ambrosia {unknown}
 o - a potion of cancellation {unknown}
Books
 e - a book of Geomancy

   Spells                             Type                      Level
   a - Sandblast                      Earth                        1
   b - Passwall                       Transmutation/Earth          2
   c - Stone Arrow                    Conjuration/Earth            3
   d - Petrify                        Transmutation/Earth          4
   e - Lee's Rapid Deconstruction     Earth                        5
Comestibles
 d - 2 bread rations
 h - a beef jerky
 n - a chunk of flesh


   Skills:
 - Level 2.4 Dodging
 - Level 2.4 Stealth
 - Level 3.5 Spellcasting
 + Level 4.4 Transmutations
 - Level 4.0 Earth Magic


You had 7 spell levels left.
You knew the following spells:

 Your Spells              Type           Power        Failure   Level  Hunger
f - Sandblast             Erth           ###...       2%          1    None
v - Passwall              Tmut/Erth      ###.......   3%          2    ##.....


Dungeon Overview and Level Annotations

Branches:
Dungeon (4/15)
 Temple: D:4-7

Altars:
Cheibriados


Message History

The blast of sand hits the hound.
You kill the hound!
Your Transmutations skill increases to level 4!
The orc hits you but does no damage.
Unknown command.
Okay, then.
The howler monkey hits you.
* * * LOW HITPOINT WARNING * * *
A leopard gecko comes into view.
The howler monkey hoots and howls with incredible vigour!
You hear an angry hiss.
The leopard gecko bites you but does no damage.
Really attack barehanded?
Okay, then.
The leopard gecko bites you but does no damage.
The leopard gecko misses you. The leopard gecko bites you.
* * * LOW HITPOINT WARNING * * *
The howler monkey hits you.
You die...

#.#.### #.## .# ##......
#o. #..##.# .....##
...... ##)...#
......##......# ##...####
...##..#......# #......#
#..###.#......# ##......#
..............# #o......#
##...#........###l......#
................@h......#
...##.........###.......#
...##..>.......#........#
...######...##..........#
...# #.#.......####.##
... #...#.....####.#### #
###.......#.......#
##....###.......#
####.###.......#


You could see a howler monkey, an orc and a leopard gecko.

Vanquished Creatures
  A howler monkey (D:4)
  A hound (D:4)
  4 adders
  An ooze (D:2)
  A dart slug (D:3)
  2 orcs (D:4)
  A bat (D:1)
  A giant cockroach (D:2)
  2 jackals (D:2)
  A kobold (D:2)
  A frilled lizard (D:4)
  2 goblins
  2 rats (D:2)
20 creatures vanquished.

Notes
Turn   | Place    | Note
-------+----------+-------------------------------------------
     0 | D:1      | Amnesiac the Deep Elf Earth Elementalist began the quest for the Orb.
     0 | D:1      | Reached XP level 1. HP: 10/10 MP: 6/6
   225 | D:2      | Reached XP level 2. HP: 15/15 MP: 1/8
   246 | D:2      | Learned a level 2 spell: Passwall
   369 | D:4      | Reached XP level 3. HP: 19/19 MP: 7/10
   381 | D:3      | Found a snail-covered altar of Cheibriados.
   425 | D:4      | Reached XP level 4. HP: 23/24 MP: 7/11
   544 | D:4      | Slain by a howler monkey

Vault maps used:
D:1:      minmay_arrival_nine_rooms
D:2:      first_bread, uniq_crazy_yiuf_cottage
D:3:      nicolae_overflow_hidden_temple
D:4:      minivault_4, nicolae_dithmenos_through_a_glass_darkly

Skill      XL: |  1  2  3  4 |
---------------+-------------+-----
Earth Magic    | 4 |  4.0
Transmutations | 3 4 |  4.4
Dodging        | |  2.4
Stealth        | |  2.4
Spellcasting   | |  3.5

Action                   |  1- 3 |  4- 6 || total
-------------------------+-------+-------++-------
Melee: Dagger            |     1 |       ||     1
 Cast: Sandblast         |    22 |    14 ||    36
Armor: Robe              |       |     2 ||     2
Dodge: Dodged            |     4 |     6 ||    10
